 Dungeon Crawl Stone Soup version 0.24.0 (webtiles) character file.

Game seed: 3293100533415933992, levelgen mode: deterministic

3255 Iskender the Covert (level 10, -10/66 HPs)
             Began as an Octopode Chaos Knight on Oct 25, 2019.
             Was a Plaything of Xom.
             Mangled by a slime creature (17 damage)
             ... on level 10 of the Dungeon.
             The game lasted 00:51:53 (9204 turns).

Iskender the Covert (Octopode Chaos Knight)         Turns: 9204, Time: 00:51:55

Health: -10/66     AC:  3    Str:  9    XL:     10   Next: 0%
Magic:  4/4        EV: 18    Int: 22    God:    Xom [....*.]
Gold:   515        SH: 10    Dex: 14    Spells: 9/13 levels left

rFire    . . .     SeeInvis .   a - +5 mace of Eduja {antimagic, MR+}
rCold    + . .     Gourm    .   y - +0 buckler
rNeg     . . .     Faith    .   (helmet restricted)
rPois    .         Spirit   .   P - +5 amulet of reflection
rElec    .         Reflect  +   Q - +6 ring of intelligence
rCorr    .         Harm     .   (no ring)
MR       +....                  (no ring)
Stlth    ++++++....             (no ring)
HPRegen  0.21/turn              (no ring)
MPRegen  0.09/turn              (no ring)
                                (no ring)
                                (no ring)

@: no status effects
A: almost no armour, stealthy swim, amphibious, 8 rings, constrict 8, iridescent
scales 1, camouflage 1, cold resistance 1, mutation resistance 1, weak 1,
gelatinous body 1
a: Renounce Religion


You were on level 10 of the Dungeon.
You worshipped Xom.
You were a beloved toy of Xom.
You were not hungry.

You visited 2 branches of the dungeon, and saw 10 of its levels.
You also visited: Sewer.

You collected 515 gold pieces.

Inventory:

Hand Weapons
 a - the +5 mace of Eduja (weapon) {antimagic, MR+}
   (You took it off an orc on level 4 of the Dungeon)

   It reduces the magical energy of the wielder, and disrupts the spells and
   magical abilities of those hit.
   Natural abilities and divine invocations are not affected.
   It affects your resistance to hostile enchantments.
 b - a +0 hunting sling
 g - a +0 short sword of venom
 i - a cursed +0 spear
 p - a +0 quarterstaff
 r - a +1 dagger of venom
 A - a +0 spear of chaos
 C - a +2 whip of venom
 E - a +4 mace
 I - a +2 falchion of holy wrath
 J - a +0 trident
 O - a +2 hand axe of flaming
Missiles
 c - 126 stones
 f - 6 atropa-tipped darts
 v - 12 poisoned darts
 F - 2 throwing nets
 G - 54 sling bullets
 K - 7 boomerangs (quivered)
 M - 8 javelins
Armour
 n - the +2 hat "Zimmox" {-Tele MR+++ rCorr SInv}
   (Xom gifted it to you on level 2 of the Dungeon)

   It affects your resistance to hostile enchantments.
   It lets you see invisible.
   It prevents most forms of teleportation.
   It provides partial protection from all sources of acid and corrosion.
 y - a +0 buckler (worn)
Magical Staves
 L - an uncursed staff of poison
Jewellery
 P - a +5 amulet of reflection (around mantle)
 Q - a +6 ring of intelligence (left tentacle)
 W - an uncursed amulet of rage {unknown}
Wands
 q - a wand of enslavement (9)
 B - a wand of acid (17)
 N - a wand of polymorph (9)
 V - a wand of flame (18)
Scrolls
 d - a scroll of enchant armour
 e - 3 scrolls of teleportation
 h - a scroll of identify
 l - a scroll of amnesia
 m - 6 scrolls of remove curse
 o - 3 scrolls of immolation
 s - a scroll of fear
 w - a scroll of enchant weapon
 U - a scroll of fog
Potions
 j - a potion of heal wounds {unknown}
 k - a potion of mutation
 t - 2 potions of brilliance
 x - 2 potions of invisibility
 z - 2 potions of degeneration {unknown}
 D - 3 potions of curing
 H - a potion of lignification
 R - a potion of flight {unknown}
 S - a potion of agility {unknown}
Comestibles
 u - 22 rations


   Skills:
 - Level 5.2 Fighting
 + Level 1.9 Maces & Flails
 - Level 3.0 Polearms
 - Level 8.8 Dodging
 - Level 10.8 Stealth
 - Level 4.1 Shields
 - Level 2.0 Spellcasting
 - Level 2.3 Charms


You had 9 spell levels left.
You knew the following spells:

 Your Spells              Type           Power        Failure   Level  Hunger
g - Shroud of Golubria    Chrm/Tloc      #.....       13%         2    ##.....
s - Swiftness             Chrm/Air       #.......     13%         2    ##.....

Your spell library contained the following spells:

 Spells                   Type           Power        Failure   Level  Hunger
 Iskenderun's Battlesphe  Conj/Chrm      #.......     93%         5    ######.


Dungeon Overview and Level Annotations

Branches:
Dungeon (8/15)             Temple (1/1) D:5           Sewer (visited)
   Lair: D:8-11

Altars:
Ashenzari
Dithmenos
Elyvilon
Fedhas
Gozag
Hepliaklqana
Kikubaaqudgha
Makhleb
Nemelex Xobeh
Okawaru
Qazlal
Ru
Trog
Uskayaw
Vehumet
Xom
Yredelemnul
Zin
The Shining One

Annotations:
D:7 deep troll, hornet


Innate Abilities, Weirdness & Mutations

You cannot wear most types of armour.
You are very stealthy in the water. (Stealth+)
You are amphibious.
You can wear up to eight rings at the same time.
You can use your tentacles to constrict eight enemies at once.
Your skin changes colour to match your surroundings (Stealth+).
Your rubbery body absorbs attacks. (AC +1, EV +1)
You are partially covered in iridescent scales. (AC +2)
Your flesh is cold resistant. (rC+)
You are somewhat resistant to further mutation.
You are weak. (Str -2)


Message History

The slime creature completely misses you.
You sock the slime creature! You squeeze the slime creature.
The slime creature is severely wounded.
The slime creature hits you.
You hit the slime creature.
The slime creature is severely wounded.
The slime creature completely misses you.
You hit the slime creature. You squeeze the slime creature!
The slime creature is almost dead.
You block the slime creature's attack.
You barely miss the slime creature.
The slime creature is almost dead.
You block the slime creature's attack. The slime creature hits you!!
* * * LOW HITPOINT WARNING * * *
The slime creature quivers.
You hit the slime creature.
The slime creature is almost dead.
The slime creature hits you!
You die...
Xom guffaws!

### #.#### #....##
#.##..# #.###.# #.#
#.# ###@# #.#
####.JJ###.####.J
..........J...J....
####.######.#######
#. #.# . #.# # #.#
#$. ... ...#.


You could see 2 slime creatures.

Vanquished Creatures
  A yak (D:6)
  A sky beast (D:8)
  A black bear (D:7)
  A phantom (D:8)
  A necrophage (D:5)
  3 ogres
  4 centaurs
  A crocodile (Sewer)
  A big kobold (D:8)
  7 bullfrogs
  9 gnolls
  A scorpion (D:8)
  A killer bee (D:6)
  A howler monkey (D:5)
  4 crimson imps
  2 jellies
  A bullfrog zombie (D:10)
  4 orc wizards (D:4)
  A gnoll shaman (D:6)
  5 hounds
  An orc priest (D:4)
  A centaur skeleton (D:6)
  2 iguanas
  4 worker ants (D:6)
  3 hound zombies
  2 hound skeletons
  9 adders
  An adder zombie (D:6)
  An adder skeleton (D:8)
  A worm (D:2)
  3 dart slugs
  7 leopard geckos
  19 orcs
  4 bats
  6 giant cockroaches
  12 goblins
  9 hobgoblins
  11 jackals
  21 kobolds
  5 quokkas
  2 ball pythons (D:2)
  3 frilled lizards
  A leopard gecko zombie (D:5)
  A quokka skeleton (D:4)
  10 rats
  A bush (D:1)
  3 plants (D:1)
193 creatures vanquished.

Vanquished Creatures (collateral kills)
  A black bear (D:6)
  A sky beast (D:5)
  A bullfrog (D:6)
  2 killer bees (D:6)
  2 orc priests
  An orc wizard (D:6)
  3 gnolls
  An adder (D:5)
  A shadow imp (D:6)
  A leopard gecko (D:6)
  An orc (D:6)
  A quokka (D:6)
16 creatures vanquished.

Vanquished Creatures (others)
  An ogre (D:4)
  A bullfrog (D:10)
  An orc priest (D:4)
  An orc (D:10)
  A kobold (D:1)
  A goblin (D:1)
  A plant (D:1)
7 creatures vanquished.

Grand Total: 216 creatures vanquished

Notes
Turn   | Place    | Note
-------+----------+-------------------------------------------
     0 | D:1      | Iskender the Octopode Chaos Knight began the quest for the
                  | Orb.
     0 | D:1      | Reached XP level 1. HP: 16/16 MP: 1/1
    43 | D:1      | Reached skill level 1 in Stealth
    79 | D:1      | XOM: harmless Chrm miscast
   122 | D:1      | XOM: harmless Pois miscast
   125 | D:1      | Reached skill level 2 in Stealth
   175 | D:1      | Reached XP level 2. HP: 21/21 MP: 2/2
   345 | D:1      | XOM: harmless Erth miscast
   369 | D:1      | Reached skill level 3 in Stealth
   553 | D:1      | Reached XP level 3. HP: 26/26 MP: 3/3
   567 | D:1      | Reached skill level 4 in Stealth
   844 | D:2      | Found an iron altar of Okawaru.
  1069 | D:2      | XOM: god gift: heavily runed hat {god gift}
  1070 | D:2      | Got a heavily runed hat {god gift}
  1079 | D:2      | Identified the +2 hat "Zimmox" {-Tele MR+++ rCorr SInv}
                  | (Xom gifted it to you on level 2 of the Dungeon)
  1177 | D:2      | Reached XP level 4. HP: 28/31 MP: 4/4
  1356 | D:2      | XOM: give mutations
  1356 | D:2      | Gained mutation: You are somewhat resistant to further
                  | mutation. [Xom's grace]
  1356 | D:2      | Gained mutation: Your flesh is cold resistant. (rC+) [Xom's
                  | grace]
  1356 | D:2      | Gained mutation: You are partially covered in iridescent
                  | scales. (AC +2) [Xom's grace]
  1356 | D:2      | Gained mutation: You have an increased reservoir of magic.
                  | (+10% MP) [Xom's grace]
  1393 | D:2      | XOM: god gift: 6 gold pieces
  1463 | D:2      | XOM: scenery: create altars
  1653 | D:2      | XOM: god gift: runed mace {god gift}
  1740 | D:3      | XOM: summons friendly shadow imp
  1760 | D:3      | Found a faded altar of an unknown god.
  1844 | D:3      | Found a glowing drain.
  1859 | Sewer    | Entered a sewer
  1933 | Sewer    | Noticed a crocodile
  1953 | Sewer    | XOM: fog
  1967 | Sewer    | XOM: cleaving
  1971 | Sewer    | Killed a crocodile
  1971 | Sewer    | Reached XP level 5. HP: 10/36 MP: 5/5
  2227 | D:3      | XOM: 2-stop teleportation journey
  2485 | D:3      | Found a stormy altar of Qazlal.
  2609 | D:3      | Found a hazy altar of Hepliaklqana.
  2698 | D:3      | XOM: scenery: create altars
  2802 | D:4      | Reached skill level 1 in Shields
  2891 | D:4      | Reached XP level 6. HP: 42/42 MP: 6/6
  2933 | D:4      | XOM: butterfly on damage
  3112 | D:4      | XOM: god gift: wand of enslavement (11)
  3149 | D:4      | XOM: god gift: 46 gold pieces
  3211 | D:4      | Found a blossoming altar of Fedhas.
  3502 | D:4      | XOM: divine lightning
  3532 | D:4      | Reached skill level 5 in Dodging
  3532 | D:4      | Reached XP level 7. HP: 40/46 MP: 7/7
  3578 | D:4      | XOM: severe Fire miscast
  3681 | D:4      | XOM: divination: detect creatures
  3983 | D:4      | XOM: 2-stop teleportation journey
  4091 | D:4      | Identified the +5 mace of Eduja {antimagic, MR+}
  4110 | D:4      | XOM: medium Necr miscast
  4675 | D:4      | XOM: draining
  4915 | D:4      | XOM: enchant monster (good)
  4976 | D:5      | Entered Level 5 of the Dungeon
  5040 | D:5      | Found a basalt altar of Yredelemnul.
  5221 | D:5      | Found a staircase to the Ecumenical Temple.
  5228 | D:5      | XOM: cast spell 'Summon Dragon'
  5260 | D:5      | Found a shadowy altar of Dithmenos.
  5361 | Temple   | Entered the Ecumenical Temple
  5625 | D:5      | Reached XP level 8. HP: 52/52 MP: 2/8
  5643 | D:5      | XOM: god gift: 33 gold pieces
  5644 | D:5      | XOM: god gift: robe {god gift}
  5940 | D:6      | Reached skill level 5 in Stealth
  6161 | D:6      | XOM: polymorph gnoll -> quokka
  6224 | D:6      | XOM: god gift: 5 rations
  6253 | D:6      | XOM: god gift: 8 javelins
  6256 | D:6      | Reached skill level 6 in Stealth
  6411 | D:6      | Reached skill level 7 in Stealth
  6696 | D:6      | Reached skill level 8 in Stealth
  6904 | D:6      | XOM: scenery: 1 doors open, 1 doors close
  6915 | D:6      | Found a burning altar of Makhleb.
  6915 | D:6      | Found a shimmering altar of Xom.
  6994 | D:6      | Reached skill level 9 in Stealth
  6998 | D:6      | XOM: cast spell 'Death Channel'
  7032 | D:6      | Reached skill level 10 in Stealth
  7047 | D:6      | Reached XP level 9. HP: 28/56 MP: 3/9
  7601 | D:6      | XOM: blink monster(s)
  7644 | D:6      | XOM: confuse monster(s)
  7654 | D:6      | XOM: noise
  7659 | D:6      | XOM: mild Tmut miscast
  7667 | D:6      | XOM: fog
  7670 | D:6      | XOM: scenery: create altars
  7855 | D:6      | XOM: god gift: 4 rations
  8180 | D:7      | Noticed a hornet
  8196 | D:7      | XOM: polymorph leopard gecko -> shapeshifter
  8196 | D:7      | Noticed a salamander
  8196 | D:7      | a shapeshifter changed into a salamander
  8204 | D:7      | a salamander changed into a raiju
  8207 | D:7      | Noticed a jumping spider
  8207 | D:7      | a raiju changed into a jumping spider
  8209 | D:7      | Found a glowing silver altar of Zin.
  8232 | D:7      | Noticed a queen bee
  8232 | D:7      | a jumping spider changed into a queen bee
  8242 | D:7      | XOM: noise
  8286 | D:7      | Identified the Almanac of Boosts
  8291 | D:7      | Learned a level 2 spell: Shroud of Golubria
  8294 | D:7      | Learned a level 2 spell: Swiftness
  8322 | D:7      | Reached skill level 1 in Charms
  8365 | D:7      | Noticed a deep troll
  8370 | D:7      | Noticed a torpor snail
  8370 | D:7      | XOM: blink monster(s)
  8385 | D:8      | XOM: chaos cloud
  8394 | D:8      | Reached skill level 1 in Spellcasting
  8408 | D:8      | XOM: give mutations
  8408 | D:8      | Gained mutation: You are weak. (Str -2) [Xom's mischief]
  8408 | D:8      | Lost mutation: You have an increased reservoir of magic.
                  | (+10% MP) [Xom's mischief]
  8494 | D:8      | Noticed a rime drake
  8494 | D:8      | an ice beast changed into a rime drake
  8494 | D:8      | XOM: polymorph ice beast -> rime drake
  8498 | D:8      | a rime drake changed into a sky beast
  8498 | D:8      | XOM: polymorph rime drake -> sky beast
  8763 | D:8      | Found a hide-covered altar of Uskayaw.
  8789 | D:8      | Found a shattered altar of Ashenzari.
  8829 | D:8      | Found an ancient bone altar of Kikubaaqudgha.
  8874 | D:8      | XOM: cleaving
  9021 | D:8      | XOM: summons 3 hostile shadow creatures
  9051 | D:8      | Reached skill level 5 in Fighting
  9134 | D:8      | Reached skill level 1 in Maces & Flails
  9138 | D:8      | You fall into a shaft and drop 2 floors!
  9138 | D:10     | Entered Level 10 of the Dungeon
  9143 | D:10     | XOM: destruction
  9176 | D:10     | Reached XP level 10. HP: 64/66 MP: 4/13
  9204 | D:10     | Mangled by a slime creature

Levels and vault maps discovered:
D:1:      shiori_arrival_oz, layout_loops_cross, lexackson_kobold_supper
D:2:      layout_loops_ring, okawaru_altar_gauntlet_db, first_ration
D:3:      layout_loops_ring, nicolae_overflow_hidden_temple,
          chequers_ecumenical_altar_grove, portal_sewer_entry_d,
          nicolae_qazlal_general_emergency
D:4:      layout_basic, fedhas_altar_1
D:5:      layout_basic, nicolae_dithmenos_shadow_blocks, old_standard_altar,
          minmay_temple_entry_proselytizer
D:6:      minmay_clustersquares, layout_basic,
          grunt_temple_overflow_champion_of_chaos, minmay_pentangle
D:7:      layout_cave_pools, gammafunk_temple_overflow_elements, zin_academy,
          uniq_crazy_yiuf_cottage
D:8:      layout_rooms, lemuel_crystal_altar, kennysheep_mini_moat,
          kennysheep_little_box, serial_shops, shop
D:10:     layout_rooms
Temple:   compressed_dpeg_triangle_lava_temple
